 Dungeon Crawl Stone Soup version 0.28-a0-1616-g050a50673c (webtiles) character file.

Game seed: 11801241439451626592

3 sizableburger the Caller (level 1, 0/10 HPs)
             Began as a Tengu Summoner on Jan 22, 2022.
             Slain by a goblin (1 damage)
             ... on level 1 of the Dungeon.
             The game lasted 00:00:50 (293 turns).

sizableburger the Caller (Tengu Summoner)            Turns: 293, Time: 00:00:51

Health: 0/10       AC:  2    Str:  8    XL:     1   Next: 50%
Magic:  3/4        EV: 12    Int: 15    God:
Gold:   0          SH:  0    Dex: 14    Spells: 3/4 levels left

rFire   . . .      SeeInvis .   c - +0 club
rCold   . . .      Faith    .   (no shield)
rNeg    . . .      Spirit   .   a - +0 robe
rPois   .          Reflect  .   (helmet restricted)
rElec   .          Harm     .   (no cloak)
rCorr   .          Rampage  .   (no gloves)
Will    .....                   (boots unavailable)
Stlth   ++........              (no amulet)
HPRegen 0.03/turn               (no ring)
MPRegen 0.09/turn               (no ring)

@: no status effects
A: beak, talons 3
a: no special abilities


You were on level 1 of the Dungeon.
You visited 1 branch of the dungeon, and saw 1 of its levels.

Inventory:

Hand Weapons
 c - a +0 club (weapon)
Armour
 a - a +0 robe (worn)
Scrolls
 b - a scroll of magic mapping {unknown}


   Skills:
 + Level 0.1 Maces & Flails
 + Level 2.3 Dodging
 - Level 2.0 Stealth
 - Level 0.1 Unarmed Combat
 - Level 2.0 Spellcasting
 + Level 4.9 Summonings


You had 3 spell levels left.
You knew the following spells:

 Your Spells              Type           Power      Damage    Failure   Level
a - Summon Small Mammal   Summ           64%        N/A       3%          1

Your spell library contained the following spells:

 Spells                   Type           Power      Damage    Failure   Level
 Call Imp                 Summ           16%        N/A       4%          2
 Call Canine Familiar     Summ           16%        N/A       9%          3
 Summon Guardian Golem    Hex/Summ       8%         N/A       24%         3
 Summon Lightning Spire   Summ/Air       8%         N/A       63%         4


Dungeon Overview and Level Annotations

Branches:
Dungeon (1/15)

Altars:


Innate Abilities, Weirdness & Mutations

You have a beak for a mouth.
You have claws for feet.


Message History

Your bat disappears in a puff of smoke!
Magic restored.
Your quokka disappears in a puff of smoke!
HP restored.
You see here a kobold corpse.
A quokka comes into view.
A quokka is nearby!
A quokka is nearby!
Found 10 gold pieces.
The quokka twitches its whiskers.
You miss the quokka. Your kick misses the quokka.
The quokka closely misses you.
You barely miss the quokka. Your kick misses the quokka.
The quokka bites you but does no damage.
Your rat closely misses the quokka.
The quokka bites you.
You are too injured to fight recklessly!
You hit the quokka.
The quokka is moderately wounded.
Your rat bites the quokka.
The quokka closely misses you.
Your rat bites the quokka.
You miss the quokka. You claw the quokka.
You kill the quokka!
A goblin comes into view. It is wielding a +0 dagger.
Found a stone staircase leading down.
The goblin shouts!
A goblin is nearby!
You swap places.
Casting: Summon Small Mammal (safe; 3% risk of failure)
Confirm with . or Enter, or press ? or * to list all spells.
A rat comes into view.
The goblin hits you with a +0 dagger.
You hit the goblin but do no damage. The goblin barely misses you.
You closely miss the goblin.
Your rat closely misses the goblin.
The goblin hits you with a +0 dagger.
* * * LOW HITPOINT WARNING * * *
Your quokka completely misses the goblin.
Your rat misses the goblin. You closely miss the goblin.
Your kick misses the goblin. The goblin hits you with a +0 dagger.
You die...

#.#.# #.#
........... #.#.#
#.# ..........
#.#.# #.#
.......... #.#.#
#.# .........#####
#.#.# #.#
....$........#
#.#.###.#
.......r?..#.#
#.#.....#
..>...gr.....#
#.#######
.......@....####.#
.................#
.###.......#######
#.........
#........##
......#+#..r
.......# ####
......## #...#


You could see a goblin (ally target), a rat (asleep), a friendly quokka
(summoned) and a friendly rat (summoned).

Vanquished Creatures
  An endoplasm (D:1)
  A quokka (D:1)
  A kobold (D:1)
3 creatures vanquished.

Notes
Turn   | Place    | Note
-------+----------+-------------------------------------------
     0 | D:1      | sizableburger the Tengu Summoner began the quest for the
                  | Orb.
     0 | D:1      | Reached XP level 1. HP: 10/10 MP: 4/4
   293 | D:1      | Slain by a goblin

Illustrated notes

Levels and vault maps discovered:
D:1:      lemuel_arrival_muddy, layout_basic

Action                   || total
-------------------------++-------
Melee: Unarmed           ||     9
       Club              ||     7
       Kick              ||     2
       Peck              ||     2
 Cast: Summon Small Mamm ||     4
Armor: Robe              ||     3
Dodge: Dodged            ||     7

Table legend: (Time is in decaauts)
 A = Elapsed time spent in this place.
 B = Non-inter-level travel time spent in this place.
 C = Inter-level travel time spent in this place.
 D = Time resting spent in this place.
 E = Time spent auto-exploring this place.
 F = Levels seen in this place.
 G = Mean time per level.
                   A        B        C        D        E       F      G
               +--------+--------+--------+--------+--------+-----+--------+
         Total |    297 |    297 |      0 |     16 |    243 |   1 |  297.0 |
       Dungeon |    297 |    297 |      0 |     16 |    243 |   1 |  297.0 |
               +--------+--------+--------+--------+--------+-----+--------+

Top non-repeatable levels by time:
     D:1: 297 daAuts
